Map: Ruins of Seras

Players

LindyHop - Winner!

  • Race: Zerg Zerg
  • League: Platinum

Autocracy

  • Race: Terran Terran
  • League: Diamond

VOD

Have the link to the VOD?

Description

Time

  • Played on: Jan. 20, 2016, 8:39 p.m.
  • Length: 5:20
Show
View Real Time Build Order
Export as new Build Order

LindyHop Zerg - Winner!

Build Orders: Pool First 

Get SALT Encoding   

  12  0:01  Drone  
  13  0:08  Drone  
  14  0:14  Extractor  
  14  0:16  Drone  
  14  0:29  Extractor  
  14  0:30  Drone  
  15  0:40  Spawning Pool  
  14  0:47  Extractor  
  14  0:48  Drone  
  15  0:53  Overlord  
  15  1:13  Drone x3  
  18  1:24  Drone  
  19  1:27  Queen  
  21  1:53  Hatchery  
  20  2:05  Roach Warren  
  20  2:06  Drone  
  20  2:19  Extractor  
  19  2:24  Drone  
  20  2:35  Overlord  
  20  2:48  Roach  
  20  2:51  Overlord  
  22  2:53  Roach  
  22  2:54  Roach x2  
  28  3:06  Roach x2  
  32  3:21  Roach x3  
  32  3:23  Roach  
  38  3:37  Metabolic Boost  
  39  3:41  Ravager  
  38  3:57  Overlord  
  38  4:00  Ravager  
  38  4:01  Ravager  
  40  4:09  Zergling x2  
  41  4:10  Zergling x6  
  41  4:15  Ravager  
  41  4:17  Zergling x14  
  52  4:32  Overlord  
  52  4:45  Overlord  
Show
View Real Time Build Order
Export as new Build Order

Autocracy Terran 

Build Orders: Reaper Expand 

Get SALT Encoding   

  12  0:01  SCV  
  13  0:13  SCV  
  14  0:18  Supply Depot  
  14  0:25  SCV  
  15  0:40  SCV  
  15  0:41  Barracks  
  16  0:45  Refinery  
  16  0:52  SCV  
  18  1:04  SCV  
  18  1:16  SCV  
  19  1:32  Orbital Command  
  19  1:35  Reaper  
  20  1:44  Command Center  
  20  1:58  SCV  
  21  2:03  Refinery  
  21  2:09  Supply Depot  
  21  2:10  SCV  
  22  2:22  SCV  
  23  2:23  Factory  
  23  2:34  SCV  
  23  2:36  Barracks Reactor  
  24  2:46  SCV  
  25  2:58  SCV  
  25  3:05  Orbital Command  
  26  3:07  Factory Tech Lab  
  26  3:09  Starport  
  26  3:10  SCV  
  26  3:12  Marine x2  
  29  3:24  SCV  
  30  3:27  Siege Tank  
  30  3:30  Marine x2  
  34  3:39  Bunker  
  34  3:43  SCV x2  
  36  3:49  Marine  
  36  3:50  Marine  
  38  3:56  SCV  
  38  3:57  SCV  
  38  3:59  Siege Tank  
  43  4:07  Marine x2  
  45  4:19  SCV  
  46  4:24  Refinery  
  46  4:34  Barracks  
  46  4:42  Supply Depot  
  46  4:44  Supply Depot  
  46  5:00  Command Center  
  46  5:04  SCV x2  
Tags
 
Add a new tag
Caveats
  • Supply blocks, unpowered buildings, or Contaminate may cause inaccurate times.
  • Supply counts are checked every 10 seconds.